 Dungeon Crawl Stone Soup version 0.29.1-1-gd02db6906a (webtiles) character file.

Game seed: 2517979111103867548

1726 RascalDebosk the Magician (level 9, -8/65 HPs)
             Began as a Djinni Necromancer on Oct 11, 2022.
             Was an Initiate of Ashenzari.
             Mangled by a wight
             ... wielding a +1 vorpal falchion
              (9 damage)
             ... on level 7 of the Dungeon.
             The game lasted 00:51:11 (4895 turns).

RascalDebosk the Magician (Djinni Necromancer)      Turns: 4895, Time: 00:51:11

Health: -8/65      AC:  3    Str:  7    XL:     9   Next: 25%
Gold:   272        EV: 13    Int: 21    God:    Ashenzari [......] SH:  0 Dex: 14

rFire   + + .      SeeInvis .   E - +2 long sword (holy)
rCold   x . .      Faith    .   (no shield)
rNeg    + . .      Spirit   .   d - +0 robe
rPois   ∞          Reflect  .   a - +0 helmet
rElec   .          Harm     .   l - scarf {repulsion}
rCorr   .          Rampage  .   (no gloves)
Will    +....                   (boots unavailable)
Stlth   +++.......              y - amulet "Hattog" {Regen+ Slay+2}
HPRegen 1.00/turn               b - ring of positive energy
MPRegen 0.00/turn               e - ring of willpower

@: wereblooded, animating dead, flying, repel missiles
A: sickness immunity, fire resistance 2, cold vulnerability 1, float, innate
caster, HP casting, extra vitality 1
a: Renounce Religion, Curse Item


You were on level 7 of the Dungeon.
You worshipped Ashenzari.
Ashenzari was noncommittal.
You visited 1 branch of the dungeon, and saw 7 of its levels.

You collected 272 gold pieces.

Inventory:

Hand Weapons
 s - a +0 dagger
 A - the +1 long sword "Peciorpha" {flame, *Noise Will+ Str+2}
   (You found it on level 5 of the Dungeon)

   It burns those it strikes, dealing additional fire damage.
   Big, fiery blades are also staple armaments of hydra-hunters.
   Str:       It affects your strength (+2).
   *Noise:    It may make noises in combat.
   Will:      It increases your willpower.
 E - a +2 long sword of holy wrath (weapon)
Missiles
 g - 6 javelins
 h - 3 poisoned darts
 x - 8 boomerangs
Armour
 a - a +0 helmet (worn)
 d - a +0 robe (worn)
 l - a scarf of repulsion (worn)
Jewellery
 b - a ring of positive energy (left hand)
 e - a ring of willpower (right hand)
 f - an amulet of regeneration
 y - the amulet "Hattog" (around neck) {Regen+ Slay+2}
   (You found it on level 5 of the Dungeon)

   [amulet of regeneration]

   Slay:      It affects your accuracy & damage with ranged weapons and melee
   (+2).
   Regen:     It increases your rate of health regeneration.
 H - a ring of willpower
Wands
 o - a wand of digging (4)
 v - a wand of acid (7)
 D - a wand of roots (11)
 F - a wand of polymorph (11)
Scrolls
 c - a scroll of silence {unknown}
 i - 2 scrolls of identify
 j - 4 scrolls of teleportation {unknown}
 m - 2 scrolls of magic mapping {unknown}
 n - a scroll of vulnerability {unknown}
 r - 2 scrolls of enchant weapon {unknown}
 w - a scroll of blinking {unknown}
 C - 2 scrolls of noise {unknown}
 I - a scroll of immolation {unknown}
Potions
 k - a potion of mutation
 p - a potion of berserk rage
 q - 3 potions of heal wounds {unknown}
 t - a potion of might {unknown}
 u - a potion of curing {unknown}
 z - a potion of flight {unknown}
 B - a potion of ambrosia {unknown}
 G - a potion of brilliance {unknown}


   Skills:
 + Level 5.3 Fighting
 - Level 3.5 Throwing
 - Level 4.0 Dodging
 - Level 4.0 Stealth
 + Level 5.3 Spellcasting
 - Level 4.0 Evocations


You couldn't memorise any spells.
You knew the following spells:

 Your Spells              Type           Power      Damage    Failure   Level
a - Necrotise             Necr           100%       1d9       1%          1
b - Vampiric Draining     Necr           28%        2d8       3%          3
c - Animate Dead          Necr           28%        N/A       12%         4
d - Agony                 Necr           28%        N/A       32%         5
e - Apportation           Tloc           56%        N/A       1%          1
f - Wereblood             Tmut           28%        N/A       1%          2
g - Spider Form           Tmut/Pois      28%        N/A       3%          3
h - Call Canine Familiar  Summ           28%        N/A       3%          3
Your spell library was empty.

Dungeon Overview and Level Annotations

Branches:
Dungeon (7/15)
 Temple: D:4-7

Altars:
Ashenzari
Okawaru

Shops:
D:5 [   D:7 ::


Innate Abilities, Weirdness & Mutations

You are immune to sickness and miasma.
You are immune to poison.
Your flesh is very heat resistant. (rF++)
You are vulnerable to cold. (rC-)
You float through the air rather than walking.
You learn spells naturally, not from books.
Your magical power is your life essence.
You have superior vitality. (+4 MHP)


Message History

Aim: a gnoll, wielding a +0 spear You draw life force from the gnoll!
You feel life coursing into your body. The gnoll completely misses you.
The wight hits you with a +0 morningstar.
The gnoll closely misses you.
Casting: Vampiric Draining (dangerous; 3% risk of failure)
Confirm with . or Enter, or press ? or * to list all spells.
Aiming: Vampiric Draining (dangerous; 3% risk of failure)
Press: ? - help, Shift-Dir - straight line, f/p - gnoll
Aim: a gnoll, wielding a +0 spear (almost dead)
You draw life force from the gnoll!
You kill the gnoll!
You feel life coursing into your body.
The dead are walking!
The wight hits you with a +1 vorpal falchion.
The gnoll hits you with a +0 whip. The wight barely misses you.
Your gnoll zombie hits the gnoll.
Casting: Vampiric Draining (dangerous; 3% risk of failure)
Confirm with . or Enter, or press ? or * to list all spells.
Aiming: Vampiric Draining (dangerous; 3% risk of failure)
Press: ? - help, Shift-Dir - straight line, f - gnoll
Aim: a gnoll, wielding a +0 whip (moderately wounded, ally target)
You draw life force from the gnoll!
You kill the gnoll!
You feel life coursing into your body.
The dead are walking!
The wight misses you.
Casting: Vampiric Draining (dangerous; 3% risk of failure)
Confirm with . or Enter, or press ? or * to list all spells.
You can't see any susceptible monsters within range! (Use Z to cast anyway.)
Casting: Vampiric Draining (dangerous; 3% risk of failure)
Confirm with . or Enter, or press ? or * to list all spells.
The wight hits you with a +1 vorpal falchion.
The wight hits you with a +0 morningstar!
* * * LOW HITPOINT WARNING * * *
Your gnoll zombie barely misses the wight.
The wight attacks as you move away! The wight closely misses you.
The wight hits you with a +1 vorpal falchion.
* * * LOW HITPOINT WARNING * * *
* * * LOW HITPOINT WARNING * * *
The wight hits your gnoll zombie with a +0 morningstar!
Your hound closely misses the wight.
Your gnoll zombie closely misses the wight.
Your gnoll zombie hits the wight but does no damage.
You see here a scroll labelled RUFINI MOILE.
Your hound barely misses the wight.
The wight hits your hound with a +0 flail.
The wight barely misses your hound.
Your gnoll zombie barely misses the wight.
Your hound barely misses the wight.
The wight hits your hound with a +0 flail!
The wight hits your gnoll zombie with a +1 vorpal falchion!
Your gnoll zombie closely misses the wight.
Your hound bites the wight.
Your gnoll zombie hits the wight but does no damage. x2
Casting: Call Canine Familiar (dangerous; 3% risk of failure)
Confirm with . or Enter, or press ? or * to list all spells.
Your blood is infused with primal strength.
* * * LOW HITPOINT WARNING * * *
Your hound bites the wight but does no damage.
The wight completely misses your hound.
The wight hits your gnoll zombie with a +1 vorpal falchion!
Your gnoll zombie is destroyed!
Your hound bites the wight.
The wight closely misses your hound.
The wight barely misses your gnoll zombie.
The wight hits you with a +0 morningstar!
* * * LOW HITPOINT WARNING * * *
Your hound bites the wight but does no damage.
Your gnoll zombie hits the wight.
You hit the wight but do no damage.
Your hound bites the wight.
The wight barely misses your hound.
The wight hits your gnoll zombie with a +1 vorpal falchion!
The wight closely misses you.
Your gnoll zombie hits the wight but does no damage.
Your hound bites the wight but does no damage.
The wight hits your hound with a +0 flail!
Your hound dies!
Your hound's corpse disappears in a puff of smoke!
The wight hits you with a +0 morningstar!
* * * LOW HITPOINT WARNING * * *
You hit the wight.
The wight convulses.
The wight is lightly damaged.
Your gnoll zombie closely misses the wight.
The wight barely misses you.
Your gnoll zombie hits the wight.
Your gnoll zombie hits the wight but does no damage.
You closely miss the wight.
The wight is lightly damaged.
The wight hits your gnoll zombie with a +0 flail.
Your gnoll zombie is destroyed!
The wight misses you. The wight closely misses you.
Your gnoll zombie hits the wight but does no damage.
Unknown command.
You hit the wight.
The wight convulses!
The wight is almost destroyed.
The wight hits you with a +1 vorpal falchion!
* * * LOW HITPOINT WARNING * * *
* * * LOW HITPOINT WARNING * * *
The wight misses you.
Your gnoll zombie hits the wight.
The wight is destroyed!
The wight hits you with a +1 vorpal falchion!
You die...

.# .# .## #.#
..### #..#
....## )
#..##.....#
..#####........
...........#
#......@.#
###..Z)z.#
#.)))z##
##..?## ##..##
#...# #..♣#
##..# #♣∩♣##


You could see 2 wights and a friendly gnoll zombie.

Vanquished Creatures
  Duvessa (D:6)
  3 ice beasts (D:5)
  A black bear (D:4)
  2 orc warriors (D:6)
  A sky beast (D:6)
  An ogre (D:5)
  A centaur (D:7)
  A bullfrog (D:6)
  A scorpion (D:6)
  Dowan (D:6)
  A howler monkey (D:5)
  An orc priest (D:6)
  4 hounds
  3 iguanas
  6 orc wizards
  8 adders
  3 gnolls (D:7)
  3 white imps (D:6)
  2 ufetubi
  2 dart slugs
  21 orcs
  3 ball pythons
  2 bats (D:3)
  3 endoplasms
  A giant cockroach (D:3)
  6 goblins
  5 hobgoblins
  6 kobolds
  3 quokkas
  2 frilled lizards (D:1)
  4 rats (D:1)
102 creatures vanquished.

Vanquished Creatures (collateral kills)
  A wight (D:7)
  An adder (D:3)
  An ufetubus (D:4)
  A dart slug (D:4)
  3 orcs (D:6)
  A giant cockroach (D:4)
8 creatures vanquished.

Vanquished Creatures (others)
  A bullfrog zombie (D:6)
  An adder zombie (D:5)
  2 gnoll zombies (D:7)
  6 orc zombies (D:6)
10 creatures vanquished.

Grand Total: 120 creatures vanquished

Notes
Turn   | Place    | Note
-------+----------+-------------------------------------------
     0 | D:1      | RascalDebosk the Djinni Necromancer began the quest for the
                  | Orb.
     0 | D:1      | RascalDebosk set off with the following spells memorised:
                  | Necrotise, Vampiric Draining, Animate Dead, Agony.
     0 | D:1      | Reached XP level 1. HP: 15/15 MP: 0/0
    89 | D:1      | Reached XP level 2. HP: 13/22 MP: 0/0
  1004 | D:1      | Reached XP level 3. HP: 26/26 MP: 0/0
  1004 | D:1      | Learned a level 1 spell: Apportation
  1099 | D:2      | You are sucked into a shaft and drop 2 floors!
  1166 | D:3      | Reached skill level 1 in Evocations
  1196 | D:3      | Reached skill level 1 in Fighting
  1239 | D:3      | Reached XP level 4. HP: 14/32 MP: 0/0
  1244 | D:3      | Reached skill level 1 in Throwing
  1291 | D:3      | Found a faded altar of an unknown god.
  1320 | D:3      | Reached XP level 5. HP: 33/37 MP: 0/0
  1320 | D:3      | Learned a level 2 spell: Wereblood
  1469 | D:3      | Found an iron altar of Okawaru.
  1470 | D:3      | Found a broken altar of Ashenzari.
  2265 | D:4      | Reached XP level 6. HP: 32/43 MP: 0/0
  2356 | D:3      | Became a worshipper of Ashenzari the Shackled
  2457 | D:4      | Noticed a black bear
  2467 | D:4      | Killed a black bear
  2939 | D:5      | Entered Level 5 of the Dungeon
  2959 | D:5      | Noticed an ice beast
  2976 | D:5      | Killed an ice beast
  2977 | D:5      | Reached XP level 7. HP: 47/49 MP: 0/0
  2977 | D:5      | Learned a level 3 spell: Spider Form
  3013 | D:5      | Found Nis Qeaz's Armour Emporium.
  3277 | D:5      | Identified the amulet "Hattog" {Regen+ Slay+2}
  3347 | D:5      | Identified the +1 long sword "Peciorpha" {flame, *Noise
                  | Will+ Str+2}
  3357 | D:5      | Reached XP level 8. HP: 28/56 MP: 0/0
  3653 | D:6      | Noticed Duvessa
  3653 | D:6      | Noticed Dowan
  3658 | D:6      | Killed Duvessa
  3661 | D:6      | Killed Dowan
  4208 | D:6      | Found a runed translucent door.
  4472 | D:6      | Reached XP level 9. HP: 63/63 MP: 0/0
  4472 | D:6      | Learned a level 3 spell: Call Canine Familiar
  4509 | D:6      | Reached skill level 5 in Spellcasting
  4629 | D:6      | Reached skill level 5 in Fighting
  4812 | D:7      | Found Engij's Book Emporium.
  4862 | D:7      | Found Jaran's Book Emporium.
  4895 | D:7      | HP: 3/65 [wight/+1 vorpal falchion (9)]
  4895 | D:7      | HP: 1/65 [wight/+1 vorpal falchion (2)]
  4895 | D:7      | Mangled by a wight

Illustrated notes

Levels and vault maps discovered:
D:1:      scummos_arrival_checkerplants, layout_loops_ring,
          chequers_serial_rivers_micro_b
D:2:      layout_loops_ring, basic_altar, uniq_sigmund
D:3:      layout_basic, gammafunk_temple_overflow_statue,
          shapermc_ecumenical_altar_starsandcircs
D:4:      layout_basic, serial_rivers, chequers_serial_rivers_micro_c,
          chequers_serial_rivers_room_a, chequers_serial_rivers_small_b,
          chequers_serial_rivers_micro_d
D:5:      layout_basic, serial_shops, shop, hex_large
D:6:      minmay_skewed_foursquare, layout_basic, minivault_22,
          lightli_church_of_beogh, uniq_duvessa
D:7:      layout_layer_cave, minmay_temple_entry_arrows, serial_shops,
          nicolae_shop_trees, nicolae_shop_competitors_out_of_business, shop,
          nicolae_shop_trees

Skill      XL: |  1  2  3  4  5  6  7  8  9 |
---------------+----------------------------+-----
Evocations     | 1 2 3 4 |  4.0
Fighting       | 1 2 3 4 5 |  5.3
Stealth        | 2 3 4 |  4.0
Throwing       | 1 2 3 |  3.5
Dodging        | 3 4 |  4.0
Spellcasting   | 4 5 |  5.3

Action                   |  1- 3 |  4- 6 |  7- 9 || total
-------------------------+-------+-------+-------++-------
Melee: Dagger            |       |    25 |    40 ||    65
       Punch             |       |       |     4 ||     4
       Long sword        |       |       |    43 ||    43
 Cast: Necrotise         |    59 |    65 |    72 ||   196
       Vampiric Draining |     1 |     3 |    39 ||    43
       Animate Dead      |       |     1 |     6 ||     7
       Wereblood         |       |       |     2 ||     2
       Spider Form       |       |       |     1 ||     1
       Call Canine Famil |       |       |     2 ||     2
  Use: Scroll            |       |     2 |       ||     2
 Stab: Distracted        |       |       |     1 ||     1
Armor: Robe              |     2 |    10 |    25 ||    37
Dodge: Dodged            |    10 |    42 |   144 ||   196
       Repelled          |       |     1 |     4 ||     5
